[Event "*** Titled Tuesday Blitz"]
[Site "Chess.com"]
[Date "2020.05.19"]
[Round "1"]
[White "ChessMavenYeti"]
[Black "Sanyura"]
[Result "0-1"]
[WhiteElo "2079"]
[BlackElo "2496"]
[TimeControl "180+1"]
[EndTime "12:01:22 PDT"]
[Termination "Sanyura won by resignation"]

1. g3 Nf6 2. Nf3 d6 3. d4 g6 4.
b3 Bg7 5. Bb2 O-O 6. Bg2 Nbd7 7.
O-O e5 8. dxe5 Ng4 9. Qc1 Ngxe5 10. Nxe5 Nxe5 11. f4 Ng4 12. Bxg7 Kxg7 13. e4 c6 14. Rd1 Qb6+ 15. Kh1 Nf2+ 0-1

[Event "*** Titled Tuesday Blitz"]
[Site "Chess.com"]
[Date "2020.05.19"]
[Round "1"]
[White "DortmundCity"]
[Black "canary2016"]
[Result "1-0"]
[WhiteElo "2475"]
[BlackElo "1953"]
[TimeControl "180+1"]
[EndTime "12:01:41 PDT"]
[Termination "DortmundCity won by checkmate"]

1. e4 c6 2. d4 d5 3. e5 Bf5 4. Nc3 e6 5. g4 Bg6 6. Nge2 Nd7 7. h4 h5 8. Nf4 hxg4 9. Nxg6 fxg6 10. Qxg4 Ne7 11.
Bd3 Nf5 12. Qxg6+ Ke7 13. Bg5+ Nf6 14. exf6+ gxf6 15. Bxf6+ Kd6 16. Bxd8 Rxd8 17. Bxf5 Be7 18. Qxe6+ Kc7 19. Qxe7+ Kb6 20. Na4+ Ka5 21. Qc5+ Ka6 22.
Bd3+ b5 23. Qxc6+ Ka5 24. Qxb5# 1-0

[Event "*** Titled Tuesday Blitz"]
[Site "Chess.com"]
[Date "2020.05.19"]
[Round "1"]
[White "AlexZambrano"]
[Black "davidkalashian"]
[Result "0-1"]
[WhiteElo "2300"]
[BlackElo "2601"]
[TimeControl "180+1"]
[EndTime "12:02:09 PDT"]
[Termination "davidkalashian won by resignation"]

1. Nf3 Nf6 2. g3 d5 3. Bg2 g6 4. d4 Bg7 5. O-O O-O 6. c4 c6 7. cxd5 cxd5 8. Nc3 Nc6 9. Bf4 Bf5 10. e3 Ne4 11. Nxe4 Bxe4 12. g4 e6 13. h3 Qb6 14. b3 Rac8 15. Rc1 Nb4 16. Qd2 Nd3 17.
Rc3 Nxf4 18. exf4 Bxf3 19. Bxf3 Qxd4 20. Rxc8 Qxd2 21. Rfc1 0-1

[Event "*** Titled Tuesday Blitz"]
[Site "Chess.com"]
[Date "2020.05.19"]
[Round "1"]
[White "killer311"]
[Black "Maghalashvili"]
[Result "0-1"]
[WhiteElo "2415"]
[BlackElo "2800"]
[TimeControl "180+1"]
[EndTime "12:02:26 PDT"]
[Termination "Maghalashvili won by checkmate"]

1. d4 Nf6 2. c4 c5 3. d5 g6 4. Nc3 Bg7 5. g3 O-O 6. Bg2 e6 7. Nf3 exd5 8. cxd5 d6 9. O-O Re8 10. Re1 a6 11. a4 Nbd7 12. e4 Rb8 13. a5 b5 14.
axb6 Nxb6 15. Nd2 h5 16. Qc2 h4 17. Nf3 hxg3 18. hxg3 Ng4 19. Bg5 Bf6 20. Bxf6 Qxf6 21. Re2 Kg7 22. Rae1 Nc4 23. b3 Nce5 24. Nxe5 Qxe5 25.
f4 Qd4+ 26. Kf1 Nh2# 0-1

[Event "*** Titled Tuesday Blitz"]
[Site "Chess.com"]
[Date "2020.05.19"]
[Round "1"]
[White "j2806"]
[Black "Benjoneliere44"]
[Result "0-1"]
[WhiteElo "2005"]
[BlackElo "2484"]
[TimeControl "180+1"]
[EndTime "12:02:34 PDT"]
[Termination "Benjoneliere44 won by resignation"]

1. e4 c5 2. Nf3 d6 3. d4 cxd4 4. Nxd4 Nf6 5. Nc3 g6 6. Be3 Bg7 7. f3 O-O 8. Qd2 Nc6 9. O-O-O d5 10. Bh6 Bxh6 11. Qxh6 Nxd4 12. Rxd4 e5 13. Rd1 d4 14. f4 Ng4 15. Qg5 Qxg5 16. fxg5 dxc3 0-1

[Event "*** Titled Tuesday Blitz"]
[Site "Chess.com"]
[Date "2020.05.19"]
[Round "1"]
[White "827883"]
[Black "x-3738459472"]
[Result "0-1"]
[WhiteElo "2189"]
[BlackElo "2519"]
[TimeControl "180+1"]
[EndTime "12:02:45 PDT"]
[Termination "x-3738459472 won by resignation"]

1. e4 c5 2. Nf3 Nc6 3. d4 cxd4 4. Nxd4 e5 5. Nb5 d6 6. N1c3 a6 7. Na3 b5 8. Nd5 Nge7 9. Be3 Nxd5 10. Qxd5 Qc7 11.
Be2 Bb7 12. Qd2 Ne7 13. f3 d5 14. exd5 Nxd5 15. Bf2 Bb4 16. c3 Nxc3 17. bxc3 Bxc3 18.
Nb1 Bxd2+ 19. Nxd2 Rd8 20. Nb3 Qc3+ 21. Kf1 O-O 22.
Rc1 Qb2 0-1

[Event "*** Titled Tuesday Blitz"]
[Site "Chess.com"]
[Date "2020.05.19"]
[Round "1"]
[White "calin_dragomirescu"]
[Black "turayev_shahruh17"]
[Result "0-1"]
[WhiteElo "2203"]
[BlackElo "2530"]
[TimeControl "180+1"]
[EndTime "12:02:53 PDT"]
[Termination "turayev_shahruh17 won by checkmate"]

1. Nf3 g6 2. c4 Bg7 3. Nc3 Nf6 4. d4 O-O 5. e4 d6 6. Be2 e5 7. O-O Nc6 8. d5 Ne7 9. Ne1 Ne8 10. Be3 f5 11. f3 f4 12. Bf2 g5 13. c5 Rf6 14. a4 Rh6 15. cxd6 Nxd6 16. Nb5 Qe8 17. Nxc7 Qh5 18. h4 Ng6 19. Nxa8 Nxh4 20.
Bxh4 Qxh4 21. Nd3 Qh2+ 22. Kf2 Qg3+ 23. Kg1 Rh2 24. Rf2 Qh4 25. Rf1 Rh1# 0-1

[Event "*** Titled Tuesday Blitz"]
[Site "Chess.com"]
[Date "2020.05.19"]
[Round "1"]
[White "FranciscodelaF"]
[Black "AliKa2810"]
[Result "1-0"]
[WhiteElo "2356"]
[BlackElo "2624"]
[TimeControl "180+1"]
[EndTime "12:02:57 PDT"]
[Termination "FranciscodelaF won by resignation"]

1. d4 Nf6 2. c4 g6 3. g3 Bg7 4. Bg2 O-O 5. Nc3 d6 6. Nf3 Nbd7 7. O-O e5 8. h3 Re8 9. e4 exd4 10. Nxd4 Nc5 11.
Re1 a5 12. Qc2 Bd7 13. Be3 h6 14. Rad1 Qc8 15. Kh2 Ne6 16. f4 Nxd4 17. Bxd4 a4 18. Nd5 Nxd5 19. cxd5 Ra5 20. Bxg7 Kxg7 21. Qc3+ 1-0

[Event "*** Titled Tuesday Blitz"]
[Site "Chess.com"]
[Date "2020.05.19"]
[Round "1"]
[White "chenxiaoyuer"]
[Black "Papa12341234"]
[Result "1-0"]
[WhiteElo "2285"]
[BlackElo "2551"]
[TimeControl "180+1"]
[EndTime "12:03:01 PDT"]
[Termination "chenxiaoyuer won by resignation"]

1. e4 c5 2. Nf3 d6 3. d4 Nf6 4. Nc3 cxd4 5. Nxd4 a6 6. Be2 e5 7. Nb3 Be7 8. O-O O-O 9. Kh1 Be6 10. f4 exf4 11. Bxf4 Nc6 12. Qe1 d5 13. Rd1 Bb4 14.
Bg5 Bxc3 15. bxc3 Qe8 16. Bxf6 dxe4 17. Qg3 g6 18. Qg5 Bxb3 19. Qh6 1-0

[Event "*** Titled Tuesday Blitz"]
[Site "Chess.com"]
[Date "2020.05.19"]
[Round "1"]
[White "DanielTitichoca"]
[Black "GoldenShare"]
[Result "0-1"]
[WhiteElo "2342"]
[BlackElo "2643"]
[TimeControl "180+1"]
[EndTime "12:03:11 PDT"]
[Termination "GoldenShare won by resignation"]

1. e4 e6 2. d3 d5 3. Nd2 Be7 4. Ngf3 Nf6 5. g3 b6 6. Bg2 Bb7 7. e5 Nfd7 8. O-O c5 9. Re1 Nc6 10. Qe2 g5 11. d4 g4 12. Nh4 Nxd4 13. Qxg4 Nxc2 14. Qg7 Rf8 15. Ndf3 Nxa1 16. Ng5 Qc7 17. Nxh7 O-O-O 18. Nxf8 Rxf8 19. Bg5 Bxg5 20. Qxg5 Nc2 21.
Rc1 Nd4 22. f4 Ne2+ 0-1

[Event "*** Titled Tuesday Blitz"]
[Site "Chess.com"]
[Date "2020.05.19"]
[Round "1"]
[White "Efremov_Vlad"]
[Black "Emolas-2020"]
[Result "1-0"]
[WhiteElo "2141"]
[BlackElo "2209"]
[TimeControl "180+1"]
[EndTime "12:03:19 PDT"]
[Termination "Efremov_Vlad won by resignation"]

1. d4 Nf6 2. c4 e6 3. Nf3 d5 4. Nc3 Be7 5. Bf4 O-O 6. e3 Nbd7 7. c5 c6 8. Bd3 b6 9. b4 Nb8 10. O-O a5 11. a3 axb4 12. axb4 Rxa1 13. Qxa1 Nfd7 14.
Qa7 bxc5 15. bxc5 e5 16. Nxe5 Nxe5 17. Bxe5 Nd7 18. Bg3 Re8 19. Bc7 Bxc5 20. dxc5 Qf6 21. Ne2 Ne5 22. Bxe5 Qxe5 23. Nd4 Qf6 24. Qc7 g6 25. Qxc6 Qxc6 26. Nxc6 Bd7 27. Nd4 Rc8 28. Rc1 1-0

[Event "*** Titled Tuesday Blitz"]
[Site "Chess.com"]
[Date "2020.05.19"]
[Round "1"]
[White "Zhuu96"]
[Black "RubensCezila"]
[Result "1-0"]
[WhiteElo "2863"]
[BlackElo "2441"]
[TimeControl "180+1"]
[EndTime "12:03:33 PDT"]
[Termination "Zhuu96 won by resignation"]

1. d4 Nf6 2. Nf3 g6 3. g3 Bg7 4. Bg2 O-O 5. O-O d6 6. Nc3 Nbd7 7. d5 e5 8. dxe6 fxe6 9. e4 Qe7 10. a4 a5 11. Re1 Nh5 12. Bg5 Qf7 13. Qd2 Ne5 14.
Nxe5 Bxe5 15. Bh6 Bg7 16. Bxg7 Qxg7 17. e5 d5 18. Nb5 b6 19. c4 c6 20. Nd6 Ba6 21.
Rac1 Qe7 22. cxd5 cxd5 23. Rc6 Nf6 1-0

[Event "*** Titled Tuesday Blitz"]
[Site "Chess.com"]
[Date "2020.05.19"]
[Round "1"]
[White "cstevens1"]
[Black "MilanJeremic"]
[Result "1-0"]
[WhiteElo "2568"]
[BlackElo "2270"]
[TimeControl "180+1"]
[EndTime "12:03:33 PDT"]
[Termination "cstevens1 won by resignation"]

1. e4 c6 2. d4 d5 3. e5 a6 4. Be3 g6 5. c4 Bg7 6. Nc3 h5 7.
Nf3 Bg4 8. h3 Bxf3 9. Qxf3 e6 10. Bd3 Ne7 11. O-O Nd7 12. Rac1 dxc4 13. Bxc4 Nb6 14.
Bb3 Nbd5 15. Ne4 O-O 16. Bg5 Qd7 17. Nf6+ Bxf6 18. exf6 Nf5 19. Rcd1 Qc7 20. g4 hxg4 21. hxg4 Nd6 22. Qh3 Ne8 23. Bxd5 exd5 24. Kg2 Qd6 25. Rh1 1-0

[Event "*** Titled Tuesday Blitz"]
[Site "Chess.com"]
[Date "2020.05.19"]
[Round "1"]
[White "PauloFanha"]
[Black "plumalka"]
[Result "0-1"]
[WhiteElo "1955"]
[BlackElo "2476"]
[TimeControl "180+1"]
[EndTime "12:03:34 PDT"]
[Termination "plumalka won by resignation"]

1. e4 c5 2. Nf3 d6 3. Bb5+ Bd7 4. Bxd7+ Qxd7 5. O-O g6 6. c3 Bg7 7. d4 cxd4 8. cxd4 Nc6 9. Nc3 Nf6 10. e5 dxe5 11. dxe5 Qxd1 12. Rxd1 Ng4 13. e6 fxe6 14. Nb5 O-O 15.
Nc7 Rad8 16. Bf4 Rxd1+ 17. Rxd1 Rxf4 18. Nxe6 Re4 19. Nc5 Re2 20. Nxb7 Nd4 21. Ng5 Nxf2 22. Nc5 Nxd1 0-1

[Event "*** Titled Tuesday Blitz"]
[Site "Chess.com"]
[Date "2020.05.19"]
[Round "1"]
[White "Gerodot71"]
[Black "fodorpoti"]
[Result "0-1"]
[WhiteElo "2396"]
[BlackElo "2763"]
[TimeControl "180+1"]
[EndTime "12:03:39 PDT"]
[Termination "fodorpoti won by checkmate"]

1. d4 d5 2. c4 e6 3. Nf3 c6 4.
Nbd2 f5 5. Qc2 Nf6 6. g3 Bd6 7. Bg2 O-O 8. O-O Ne4 9. Ne1 Qf6 10. Ndf3 Nd7 11. Nd3 g5 12. e3 g4 13. Nd2 Ng5 14. Re1 Qh6 15. b4 Nf6 16. a4 Nfe4 17. Ba3 Rf6 18. Nxe4 fxe4 19. Nf4 Bxf4 20. exf4 Nf3+ 21.
Kf1 Qxh2 22. Bxf3 gxf3 23. Red1 Qh1# 0-1

[Event "*** Titled Tuesday Blitz"]
[Site "Chess.com"]
[Date "2020.05.19"]
[Round "1"]
[White "Munkhzul_Turmunkh"]
[Black "oykuince"]
[Result "1-0"]
[WhiteElo "2482"]
[BlackElo "1990"]
[TimeControl "180+1"]
[EndTime "12:03:45 PDT"]
[Termination "Munkhzul_Turmunkh won by resignation"]

1. e4 c5 2. Nf3 e6 3. d4 cxd4 4.
Nxd4 Nc6 5. Nc3 Qc7 6. Be3 a6 7. Qd2 Nf6 8. O-O-O b5 9. f3 Bb4 10. g4 Ne5 11. Bf4 Bxc3 12. Qxc3 Qxc3 13. bxc3 Nc4 14. Bxc4 bxc4 15. Bd6 Bb7 16. Kd2 Bxe4 17. g5 Bxf3 18. Nxf3 Ne4+ 19. Ke3 Nxc3 20. Rd4 Nd5+ 21. Kf2 Rc8 22.
Re1 Rc6 23. Rxd5 Kd8 24. Rd4 Re8 25. Rb1 Rc8 26. Ne5 1-0

[Event "*** Titled Tuesday Blitz"]
[Site "Chess.com"]
[Date "2020.05.19"]
[Round "1"]
[White "damayito"]
[Black "FMVolodymyrSakun"]
[Result "0-1"]
[WhiteElo "1615"]
[BlackElo "2464"]
[TimeControl "180+1"]
[EndTime "12:03:51 PDT"]
[Termination "FMVolodymyrSakun won by resignation"]

1. e4 c5 2. Nc3 Nc6 3. f4 g6 4. Nf3 Bg7 5. d3 e6 6. Be2 Nge7 7. O-O O-O 8. Kh1 d5 9. exd5 exd5 10. Rb1 d4 11.
Ne4 b6 12. Bd2 Nd5 13. Ne5 Nxe5 14. fxe5 Bxe5 15. Bg4 f5 16. Bg5 Qc7 17. Bh3 fxe4 18. dxe4 Bxh3 19. Rxf8+ Rxf8 20. exd5 Bd7 21. Qe2 Qd6 22. Re1 Bf6 23. Bh6 Re8 24. Qf2 Rxe1+ 25. Qxe1 g5 26. h3 Bd8 27. Qd2 Qxh6 0-1

[Event "*** Titled Tuesday Blitz"]
[Site "Chess.com"]
[Date "2020.05.19"]
[Round "1"]
[White "gvanna"]
[Black "MrTattaglia"]
[Result "0-1"]
[WhiteElo "2461"]
[BlackElo "3024"]
[TimeControl "180+1"]
[EndTime "12:03:54 PDT"]
[Termination "MrTattaglia won by resignation"]

1. e4 e5 2. Nf3 Nc6 3. Bb5 a6 4. Ba4 Nf6 5. O-O b5 6. Bb3 Be7 7. Re1 d6 8. c3 O-O 9. h3 Na5 10. Bc2 c5 11. d4 Nd7 12. Nbd2 exd4 13. cxd4 Nc6 14. Nf1 cxd4 15. Nxd4 Nxd4 16. Qxd4 Ne5 17. Ng3 Bxh3 18. Bf4 Bf6 19. Qb4 Bg4 20. f3 Be6 21. Rad1 Qb6+ 22. Be3 Qc7 23. Bb3 Nc4 24. Bxc4 Bxc4 25.
b3 Be6 26. Qxd6 Qxd6 27. Rxd6 Be5 28. Rxe6 Bxg3 0-1

[Event "*** Titled Tuesday Blitz"]
[Site "Chess.com"]
[Date "2020.05.19"]
[Round "1"]
[White "VALPARAISO37"]
[Black "Mfcyryd"]
[Result "1-0"]
[WhiteElo "2318"]
[BlackElo "2585"]
[TimeControl "180+1"]
[EndTime "12:03:54 PDT"]
[Termination "VALPARAISO37 won by resignation"]

1. d4 Nf6 2. c4 e6 3. Nc3 Bb4 4. a3 Bxc3+ 5. bxc3 b6 6. e3 Bb7 7. f3 O-O 8. Bd3 d5 9. Ne2 c5 10. cxd5 exd5 11. O-O Re8 12. Ng3 Nc6 13. Ra2 Na5 14.
Raf2 c4 15. Bc2 Bc6 16. e4 Nb7 17. e5 Nd7 18. f4 Nf8 19. Qh5 b5 20. f5 a5 21. f6 g6 22. Qh6 Ne6 23. Nh5 Kh8 24.
Ng7 Rg8 25. Nxe6 fxe6 26. f7 1-0

[Event "*** Titled Tuesday Blitz"]
[Site "Chess.com"]
[Date "2020.05.19"]
[Round "1"]
[White "Pultis"]
[Black "Bacyanide"]
[Result "1-0"]
[WhiteElo "2777"]
[BlackElo "2408"]
[TimeControl "180+1"]
[EndTime "12:04:00 PDT"]
[Termination "Pultis won by resignation"]

1. d4 d5 2. c4 e6 3. Nf3 Nf6 4. Nc3 c5 5. cxd5 exd5 6. e4 dxe4 7. Ng5 Qxd4 8. Qb3 Be6 9. Nxe6 fxe6 10. Qxe6+ Be7 11.
Qc8+ Qd8 12. Qxb7 Nbd7 13. Bc4 Ne5 14. Bb5+ Kf7 15. O-O Rb8 16. Qxa7 Ra8 17. Qb7 Rb8 18. Qa6 Ra8 19. Bc4+ Kg6 20. Qe6 Nxc4 21. Qxc4 Qd4 22. Qe2 Bd6 23. Rd1 Qe5 24. f4 exf3 25. Qd3+ Qf5 26.
Qxf5+ Kxf5 27. Rxd6 Rad8 28. Rxd8 Rxd8 29. Be3 Rd3 1-0

[Event "*** Titled Tuesday Blitz"]
[Site "Chess.com"]
[Date "2020.05.19"]
[Round "1"]
[White "valeriocarnicelli"]
[Black "memer5334"]
[Result "1-0"]
[WhiteElo "2530"]
[BlackElo "2203"]
[TimeControl "180+1"]
[EndTime "12:04:00 PDT"]
[Termination "valeriocarnicelli won by resignation"]

1. e4 b6 2. d4 Bb7 3. Bd3 e6 4. Nc3 Nf6 5. f4 c5 6. Nf3 cxd4 7. Nxd4 Nc6 8. Be3 Rc8 9. Qf3 d6 10. O-O Be7 11. Rad1 e5 12. Nf5 Rg8 13. Bb5 a6 14. Bxc6+ Bxc6 15. fxe5 Nd7 16. exd6 Bf6 17. Nd5 Ne5 18. Qg3 Bxd5 19. Rxd5 Kf8 20. Rxe5 Bxe5 21. Qxe5 Qe8 22. Qe7+ Qxe7 23. dxe7+ Ke8 24. Nd6+ Kxe7 25. Nxc8+ Rxc8 26. c3 b5 27. Bd4 f6 28. e5 fxe5 29.
Bxe5 g6 30. Rf6 Rd8 31. Rxa6 Rd2 32. b3 Re2 33. Bd4 Rb2 34. c4 Rb1+ 35. Kf2 bxc4 36.
bxc4 Kd7 37. c5 h5 38. c6+ Kc7 39. Be5+ Kc8 40. Ra8+ 1-0

[Event "*** Titled Tuesday Blitz"]
[Site "Chess.com"]
[Date "2020.05.19"]
[Round "1"]
[White "dopolian"]
[Black "ManuDavid2910"]
[Result "0-1"]
[WhiteElo "2364"]
[BlackElo "2688"]
[TimeControl "180+1"]
[EndTime "12:04:01 PDT"]
[Termination "ManuDavid2910 won on time"]

1. Nf3 Nf6 2. c4 e6 3. Nc3 d5 4.
d4 c5 5. cxd5 exd5 6. Bg5 Nc6 7.
e3 cxd4 8. Nxd4 Bb4 9. Rc1 h6 10. Bh4 O-O 11. Be2 Be7 12. O-O Ne5 13. Nf3 Ng6 14.
Bg3 Be6 15. Ne5 Nxe5 16. Bxe5 Bd6 0-1

[Event "*** Titled Tuesday Blitz"]
[Site "Chess.com"]
[Date "2020.05.19"]
[Round "1"]
[White "wnstop"]
[Black "Hangar-18"]
[Result "1-0"]
[WhiteElo "2601"]
[BlackElo "2300"]
[TimeControl "180+1"]
[EndTime "12:04:01 PDT"]
[Termination "wnstop won by resignation"]

1. e4 e6 2. d4 c5 3. d5 exd5 4. exd5 d6 5. Nf3 Nf6 6. Bb5+ Bd7 7. a4 Be7 8. O-O O-O 9. h3 Re8 10. Nc3 Na6 11. Bf4 Nc7 12. Bc4 Rb8 13. Re1 h6 14.
Qd2 Bf8 15. Rxe8 Qxe8 16. Re1 Qd8 17. g4 b5 18. axb5 Nxb5 19. Bxb5 Bxb5 20. Nxb5 Rxb5 21. c4 Rb4 22. Qc2 Nxd5 23. Bd2 Rb8 24. cxd5 Qf6 25.
Qc3 Be7 26. Qxf6 Bxf6 27. Bc3 Bxc3 28. bxc3 Rb3 29. Re8+ Kh7 30. Nd2 Rb2 31. Nc4 Rb1+ 32. Kg2 Rd1 33. Nxd6 Rxd5 34. Nxf7 Rd3 35. Rh8+ Kg6 36.
Ne5+ Kg5 37. Nxd3 Kh4 38. f4 a5 1-0

[Event "*** Titled Tuesday Blitz"]
[Site "Chess.com"]
[Date "2020.05.19"]
[Round "1"]
[White "Akhayan"]
[Black "Bathory44"]
[Result "0-1"]
[WhiteElo "2289"]
[BlackElo "2583"]
[TimeControl "180+1"]
[EndTime "12:04:07 PDT"]
[Termination "Bathory44 won by resignation"]

1. d4 Nf6 2. Nf3 g6 3. g3 Bg7 4. Bg2 O-O 5. O-O d6 6. c4 c5 7. Nc3 Nc6 8. d5 Na5 9. Nd2 a6 10. Qc2 Rb8 11. b3 b5 12. cxb5 axb5 13. Bb2 b4 14. Nce4 Nxd5 15. Bxg7 Kxg7 16. Rfd1 f5 17. Ng5 Nc3 18. Re1 h6 19. Ngf3 Ba6 20. Bf1 e5 21.
Nh4 Nc6 22. e3 Bxf1 23. Rxf1 Qd7 24. Kg2 d5 25. Ndf3 g5 0-1

[Event "*** Titled Tuesday Blitz"]
[Site "Chess.com"]
[Date "2020.05.19"]
[Round "1"]
[White "Soltan49"]
[Black "pfalcon1949"]
[Result "0-1"]
[WhiteElo "2458"]
[BlackElo "1959"]
[TimeControl "180+1"]
[EndTime "12:04:08 PDT"]
[Termination "pfalcon1949 won on time"]

1. e4 e6 2. d4 d5 3. Nd2 c5 4. exd5 exd5 5. dxc5 Bxc5 6. Ngf3 Ne7 7. Bb5+ Nbc6 8. O-O O-O 9. b3 Bg4 10. Bb2 d4 11. h3 Bh5 12. Ne4 Bb6 0-1

[Event "*** Titled Tuesday Blitz"]
[Site "Chess.com"]
[Date "2020.05.19"]
[Round "1"]
[White "patchi0423"]
[Black "TST2014"]
[Result "0-1"]
[WhiteElo "2264"]
[BlackElo "2562"]
[TimeControl "180+1"]
[EndTime "12:04:11 PDT"]
[Termination "TST2014 won by resignation"]

1. d4 Nf6 2. c4 g6 3. Nc3 Bg7 4.
e4 O-O 5. f3 d6 6. Be3 e5 7. d5 c6 8. Bd3 b5 9. dxc6 bxc4 10.
Bxc4 Nxc6 11. Nge2 Be6 12. Bd5 Bxd5 13. Nxd5 Nxd5 14.
Qxd5 Nb4 15. Qb3 Rb8 16. O-O d5 17. Bc5 Na6 18. Bxf8 Rxb3 19. axb3 Qb6+ 20. Kh1 Bxf8 21. exd5 Nc5 22. Nc3 Nxb3 23. Ra2 a5 24. Rd1 Bb4 25. Ne4 f5 26. Ng5 h6 27. Ne6 Kf7 28. h4 Kf6 29.
Rd3 Nc1 0-1

[Event "*** Titled Tuesday Blitz"]
[Site "Chess.com"]
[Date "2020.05.19"]
[Round "1"]
[White "Margarita2907"]
[Black "karinachess1"]
[Result "0-1"]
[WhiteElo "2023"]
[BlackElo "2486"]
[TimeControl "180+1"]
[EndTime "12:04:14 PDT"]
[Termination "karinachess1 won by resignation"]

1. d4 Nf6 2. Nf3 g6 3. Nbd2 d5 4. b4 Bg7 5. Bb2 O-O 6. e3 a5 7. b5 a4 8. a3 Nbd7 9. Bd3 c5 10.
bxc6 bxc6 11. O-O c5 12. c4 Ba6 13. Qe2 cxd4 14. Nxd4 Nc5 15. Bc2 dxc4 16. Bc3 Nd5 17. Nb1 Nb3 18. Ra2 Nxc3 19. Nxc3 Nxd4 20. exd4 Qxd4 21.
Nxa4 c3 22. Qxe7 Bxf1 23. Kxf1 Qc4+ 0-1

[Event "*** Titled Tuesday Blitz"]
[Site "Chess.com"]
[Date "2020.05.19"]
[Round "1"]
[White "Storchnoi"]
[Black "Aradej"]
[Result "0-1"]
[WhiteElo "1927"]
[BlackElo "2471"]
[TimeControl "180+1"]
[EndTime "12:04:16 PDT"]
[Termination "Aradej won by checkmate"]

1. d4 d6 2. Nf3 g6 3. c4 Bg7 4. Nc3 Nf6 5. e4 O-O 6. Be2 c5 7. O-O cxd4 8. Nxd4 Nc6 9. Be3 Bd7 10. f3 a5 11. Qd2 Nxd4 12. Bxd4 Bc6 13. Rfd1 Nd7 14. Bxg7 Kxg7 15. Nd5 Bxd5 16. exd5 Re8 17. f4 a4 18.
Rf1 Nf6 19. Bd3 Qb6+ 20. Kh1 Qd4 21. f5 b5 22. Rf4 Qc5 23. Raf1 g5 24. R4f2 h6 25.
b3 axb3 26. axb3 bxc4 27. bxc4 Qd4 28. Qe2 Ra3 29. Rf3 Rb8 30. Bb1 Rb2 31. Qxe7 Rxf3 32. gxf3 Qxc4 33. Be4 Qxf1# 0-1

[Event "*** Titled Tuesday Blitz"]
[Site "Chess.com"]
[Date "2020.05.19"]
[Round "1"]
[White "NikolaGry"]
[Black "PenguinPacks"]
[Result "1-0"]
[WhiteElo "2603"]
[BlackElo "2304"]
[TimeControl "180+1"]
[EndTime "12:04:19 PDT"]
[Termination "NikolaGry won by resignation"]

1. e4 e5 2. Ne2 Nc6 3. Nbc3 Bc5 4.
Na4 Be7 5. d4 exd4 6. Nxd4 Nf6 7.
Nxc6 bxc6 8. e5 Ne4 9. Qg4 d5 10. Qxg7 Rf8 11. Be3 Bf5 12. O-O-O Bg6 13. Bd3 Bg5 14.
Bxe4 Bxe3+ 15. fxe3 Bxe4 16. Nc5 Qe7 17. Nxe4 dxe4 18.
Qh6 Qxe5 19. Qxc6+ Ke7 20. Rd7+ 1-0

[Event "*** Titled Tuesday Blitz"]
[Site "Chess.com"]
[Date "2020.05.19"]
[Round "1"]
[White "Anna_ChessMate"]
[Black "NotFischer"]
[Result "1-0"]
[WhiteElo "2503"]
[BlackElo "2112"]
[TimeControl "180+1"]
[EndTime "12:04:20 PDT"]
[Termination "Anna_ChessMate won by resignation"]

1. d4 Nf6 2. c4 d6 3. Nc3 c6 4. g3 e5 5. Bg2 Be7 6. Bg5 Nbd7 7. e3 O-O 8. Nge2 Qc7 9. O-O Re8 10. Qc2 a6 11.
Rad1 h6 12. Bxf6 Nxf6 13. b4 Rb8 14. a3 b5 15. c5 exd4 16. exd4 d5 17. Nf4 Bf8 18.
h3 Bd7 19. Qd2 Ra8 20. Nd3 Ne4 21. Nxe4 dxe4 22. Ne5 Be6 23. Qf4 Bd5 24. Rfe1 f6 25.
Ng6 Qxf4 26. Nxf4 a5 27. Bf1 axb4 28. axb4 Ra4 29. Nxd5 cxd5 30. Bxb5 Rxb4 31. Bxe8 1-0

[Event "*** Titled Tuesday Blitz"]
[Site "Chess.com"]
[Date "2020.05.19"]
[Round "1"]
[White "MartinCerveny"]
[Black "Vaathi_Coming"]
[Result "0-1"]
[WhiteElo "2447"]
[BlackElo "2882"]
[TimeControl "180+1"]
[EndTime "12:04:21 PDT"]
[Termination "Vaathi_Coming won by resignation"]

1. d4 d5 2. c4 e6 3. Nc3 Nf6 4. cxd5 Nxd5 5. e4 Nxc3 6. bxc3 c5 7. Nf3 cxd4 8. cxd4 Bb4+ 9. Bd2 Bxd2+ 10. Qxd2 O-O 11. Be2 b6 12. O-O Bb7 13. Qe3 Nd7 14. e5 Qe7 15.
Rfc1 Rfc8 16. h4 h6 17. Nd2 Qxh4 18. Bf3 Bxf3 19. Nxf3 Qd8 20. g4 b5 21. g5 h5 22. Nd2 Nb6 23. Ne4 Qd5 24. Rd1 Nd7 25.
Rd2 Nf8 26. Kg2 Ng6 27. Rh1 h4 28. f3 Rc6 29. Kh3 Rac8 30. Kg4 Rc2 31. Nd6 Rxd2 32.
Qxd2 Nxe5+ 0-1

[Event "*** Titled Tuesday Blitz"]
[Site "Chess.com"]
[Date "2020.05.19"]
[Round "1"]
[White "FMJoseHerrera"]
[Black "sopo-tereladze"]
[Result "1-0"]
[WhiteElo "2644"]
[BlackElo "2343"]
[TimeControl "180+1"]
[EndTime "12:04:30 PDT"]
[Termination "FMJoseHerrera won by resignation"]

1. Nf3 Nf6 2. g3 d5 3. Bg2 e6 4. O-O Be7 5. c4 O-O 6. d3 dxc4 7. dxc4 Qxd1 8. Rxd1 Nc6 9. Nc3 Bd7 10. Bf4 Rac8 11.
Nb5 Bd8 12. Bg5 Be8 13. a3 a6 14. Nc3 h6 15. Bf4 Be7 16. b4 Bd7 17. Ne5 Nxe5 18. Bxe5 Bc6 19. Bxc6 bxc6 20. Na4 Rfd8 21. Rxd8+ Bxd8 22. Rd1 Kf8 23. Nc5 Ke8 24. Nxa6 Nd7 25. Bxg7 Ra8 26. b5 cxb5 27. cxb5 h5 28. h4 Nb6 29. Be5 Ra7 30. Bd4 Be7 31. a4 Rb7 32. Nxc7+ 1-0

[Event "*** Titled Tuesday Blitz"]
[Site "Chess.com"]
[Date "2020.05.19"]
[Round "1"]
[White "JLRHei"]
[Black "BeanScreen"]
[Result "1-0"]
[WhiteElo "2343"]
[BlackElo "2610"]
[TimeControl "180+1"]
[EndTime "12:04:35 PDT"]
[Termination "JLRHei won by resignation"]

1. d4 d5 2. c4 dxc4 3. Nf3 a6 4.
g3 Nf6 5. Bg2 e6 6. O-O c5 7.
dxc5 Qxd1 8. Rxd1 Bxc5 9. Ne5 O-O 10. Nxc4 Nc6 11. Nc3 Bd7 12. Be3 Bxe3 13. Nxe3 Rfd8 14. Na4 Be8 15. Nc5 b6 16. Rxd8 Rxd8 17. Nxa6 Rd2 18. Rc1 Rxb2 19. Bxc6 Rxa2 20. Bxe8 Nxe8 21. Rc8 Kf8 22.
Nc7 Ke7 23. Nxe8 Ra7 24. Rc7+ Rxc7 25. Nxc7 Kd6 26. Na6 b5 27. Kf1 Ke5 28. Ke1 f5 29. Kd2 g5 30. Kc3 h5 31. Nc7 f4 32. Nd1 fxg3 33.
fxg3 Kf5 34. Nxb5 h4 35. Nf2 hxg3 36. hxg3 Ke5 37. e4 1-0

[Event "*** Titled Tuesday Blitz"]
[Site "Chess.com"]
[Date "2020.05.19"]
[Round "1"]
[White "Dhaydon19"]
[Black "PavelChernomordik"]
[Result "1-0"]
[WhiteElo "2732"]
[BlackElo "2390"]
[TimeControl "180+1"]
[EndTime "12:04:37 PDT"]
[Termination "Dhaydon19 won by resignation"]

1. d4 g6 2. Nf3 Bg7 3. c4 d6 4. Nc3 Nc6 5. e3 e5 6. d5 Nce7 7. e4 Nf6 8. Bd3 O-O 9. h3 h6 10. Be3 Nd7 11. Qd2 Kh7 12. g4 Nc5 13. Bc2 f5 14. gxf5 gxf5 15. b4 Nxe4 16. Nxe4 fxe4 17. Bxe4+ Bf5 18. Qd3 Qd7 19. Nh4 Bxe4 20. Qxe4+ Kh8 21. Rg1 Rf6 22. a4 Nf5 23. Nxf5 Qxf5 24. Qxf5 Rxf5 25.
Rg4 Raf8 26. Ke2 Rh5 27. Rag1 Rf7 28. h4 Kh7 29. Bxa7 Rf4 30. Be3 Rxg4 31. Rxg4 Bf6 32. a5 Rxh4 33. Rxh4 Bxh4 34. b5 Bd8 35. a6 1-0